 Dungeon Crawl Stone Soup version 0.32-a0-913-g739538afd8 (webtiles) character file.

Game seed: 15238249791237835853

22 BenSoosneb the Sneak (level 2, 0/13 HPs)
             Began as a Spriggan Enchanter on Apr 8, 2024.
             Slain by Sigmund
             ... wielding a +0 scythe
              (9 damage)
             ... on level 2 of the Dungeon.
             The game lasted 00:05:03 (1345 turns).

BenSoosneb the Sneak (Spriggan Enchanter)           Turns: 1345, Time: 00:05:04

Health: 0/13       AC:  2    Str:  4    XL:     2   Next: 68%
Magic:  6/6        EV:  6    Int: 16    God:
Gold:   58         SH:  0    Dex: 15    Spells: 4/6 levels left

rFire   . . .        a - +1 dagger
rCold   . . .        (no shield)
rNeg    . . .        b - +0 robe
rPois   .            (helmet restricted)
rElec   .            (no cloak)
rCorr   .            (gloves unavailable)
SInv    +            (boots unavailable)
Will    .....        (no amulet)
Stlth   +++          (no ring)
HPRegen 0.22/turn    (no ring)
MPRegen 0.10/turn

%: no passive effects
@: constricted, very quick
A: very small, no large weapons, unfitting armour, see invisible, speed 3
a: no special abilities


You were on level 2 of the Dungeon.
You visited 1 branch of the dungeon, and saw 2 of its levels.

You collected 58 gold pieces.

Inventory:

Hand Weapons
 a - a +1 dagger (weapon)
Missiles
 e - 13 stones (quivered)
Armour
 b - a +0 robe (worn)
Jewellery
 d - an amulet of faith
Scrolls
 f - a scroll of identify {unknown}
 g - a scroll of immolation {unknown}
Potions
 c - 2 potions of invisibility


   Skills:
 * Level 2.1 Short Blades
 + Level 3.1 Dodging
 + Level 4.8 Stealth
 - Level 2.6 Spellcasting
 + Level 3.9 Hexes


You had 4 spell levels left.
You knew the following spells:

 Your Spells              Type           Power      Damage    Failure   Level
a - Ensorcelled Hibernat  Hex/Ice        16%        N/A       13%         2

Your spell library contained the following spells:

 Spells                   Type           Power      Damage    Failure   Level
 Confusing Touch          Hex            14%        N/A       12%         3
 Tukima's Dance           Hex            14%        N/A       12%         3
 Magic Dart               Conj           8%         1d3       19%         1
 Dazzling Flash           Conj/Hex       16%        N/A       26%         3
 Blink                    Tloc           4%         N/A       28%         2
 Call Imp                 Summ           4%         N/A       28%         2


Dungeon Overview and Level Annotations

Branches:
Dungeon (2/15)

Altars:

Shops:
D:1 *

Annotations:
D:2 Sigmund


Innate Abilities, Weirdness & Mutations

You are very small and have problems with some larger weapons.
You are too small for most types of armour.
You have supernaturally acute eyesight. (SInv)
You cover ground extremely quickly. (Speed+++)


Message History

Sigmund points at you and mumbles some strange words.
You are confused.
You see here a stone.
Sigmund points at you and mumbles some strange words.
You are more confused.
The ball python hisses angrily.
Sigmund casts a spell at you. You resist with some effort.
You're too confused to move!
Sigmund casts a spell.
Sigmund flickers and vanishes for a moment.
You bump into the rock wall.
The ball python completely misses you. x2
You bump into the rock wall.
The ball python bites you but does no damage.
The ball python barely misses you.
You bump into the rock wall.
The ball python completely misses you. x2
You're too confused to move!
Sigmund completely misses you. The ball python closely misses you.
The ball python barely misses you.
You bump into the rock wall.
The ball python closely misses you. x2
Sigmund closely misses you.
The ball python attacks as it pursues you!
The ball python barely misses you. The ball python closely misses you.
You bump into the rock wall.
The ball python closely misses you. The ball python completely misses you.
You bump into the rock wall.
The ball python closely misses you. The ball python grabs you.
The ball python constricts you. Sigmund closely misses you.
The ball python's grasp on you weakens, but your attempt to escape fails.
The ball python barely misses you. The ball python constricts you.
You closely miss the ball python.
You feel less confused.
The ball python bites you but does no damage.
The ball python constricts you.
Sigmund hits you from afar with a +0 scythe.
The ball python's grasp on you weakens, but your attempt to escape fails.
The ball python bites you. The ball python constricts you.
Sigmund hits you from afar with a +0 scythe!
Ouch! That really hurt!
You die...
Sigmund begins carving another notch in his scythe.

#.# #....$... #.#
#........ #.#
#........ #.#
#........ #.#
#........ ##.##
#...w..w. ##...##
#..##.#..
###.<...###(.......
..........@S@w#.##.)..
#####......##.#... ...
#.#.......##.... .
#.#..####.# .#....
#.#.## ... ...... #
#.# #.. ...#.# #.#
>..# #. .# ..#.


You could see Sigmund (invisible), a ribbon worm and a ball python.

Vanquished Creatures
  2 bats (D:1)
  4 endoplasms (D:1)
  A giant cockroach (D:1)
  2 goblins (D:1)
  A hobgoblin (D:1)
  A kobold (D:1)
  3 ball pythons (D:1)
  A frilled lizard (D:1)
  5 rats (D:1)
20 creatures vanquished.

Notes
Turn   | Place    | Note
-------+----------+-------------------------------------------
     0 | D:1      | BenSoosneb the Spriggan Enchanter began the quest for the
                  | Orb.
     0 | D:1      | Reached XP level 1. HP: 9/9 MP: 5/5
   516 | D:1      | Reached XP level 2. HP: 13/13 MP: 6/6
   952 | D:1      | Learned a level 2 spell: Ensorcelled Hibernation
  1094 | D:1      | Found Oczijuih's Assorted Antiques.
  1324 | D:2      | Noticed Sigmund
  1345 | D:2      | Slain by Sigmund

Illustrated notes

Levels and vault maps discovered:
D:1:      dpeg_arrival_stone_temple_mockup, layout_basic, serial_shops, shop,
          minmay_pentomino_t4
D:2:      layout_loops_ring, uniq_robin, uniq_sigmund

Skill      XL: |  1  2 |
---------------+-------+-----
Dodging        | 3 |  3.1
Short Blades   | 2 |  2.1
Stealth        | |  4.8
Spellcasting   | |  2.6
Hexes          | |  3.9

Action                     || total
---------------------------++-------
  Melee: Dagger            ||    58
  Throw: Stone             ||    10
   Cast: Ensorcelled Hiber ||     5
   Stab: Sleeping          ||     9
 Armour: Robe              ||    26
  Dodge: Dodged            ||    54

Table legend: (Time is in decaauts)
 A = Elapsed time spent in this place.
 B = Non-inter-level travel time spent in this place.
 C = Inter-level travel time spent in this place.
 D = Time resting spent in this place.
 E = Time spent auto-exploring this place.
 F = Levels seen in this place.
 G = Mean time per level.
                   A        B        C        D        E       F      G
               +--------+--------+--------+--------+--------+-----+--------+
         Total |   1015 |    980 |     35 |    367 |    424 |   2 |  507.5 |
       Dungeon |   1015 |    980 |     35 |    367 |    424 |   2 |  507.5 |
               +--------+--------+--------+--------+--------+-----+--------+

Top non-repeatable levels by time:
     D:1: 993 daAuts
     D:2: 21 daAuts
